 Dungeon Crawl Stone Soup version 0.30-a0-840-ga523dec638 (webtiles) character file.

Game seed: 13709043941328389500

293 retardedninja the Shield-Bearer (level 6, -4/53 HPs)
             Began as a Gnoll Fighter on Mar 1, 2023.
             Was an Initiate of Gozag.
             Slain by a lemure (7 damage)
             ... led by Pikel
             ... on level 4 of the Dungeon.
             The game lasted 00:03:10 (2361 turns).

retardedninja the Shield-Bearer (Gnoll Fighter)     Turns: 2361, Time: 00:03:11

Health: -4/53      AC: 10    Str: 24    XL:     6   Next: 33%
Magic:  0/8        EV:  7    Int:  7    God:    Gozag
Gold:   125        SH:  5    Dex: 11    Spells: 9/9 levels left

rFire   . . .      SeeInvis .    a - +0 flail
rCold   . . .      Faith    .    c - +0 buckler
rNeg    . . .      Spirit   +    b - +0 scale mail
rPois   .          Reflect  .    f - +0 helmet
rElec   .          Harm     .    i - +0 cloak
rCorr   +          Rampage  .    (no gloves)
Will    .....                    (no boots) Stlth
                                 e - amulet of guardian spirit
HPRegen 0.28/turn                d - +6 ring of strength
MPRegen 0.11/turn                g - ring of resist corrosion

@: constricted
A: fangs 1, strong nose, distributed training, low MP 1
a: Renounce Religion, Potion Petition, Call Merchant, Bribe Branch


You were on level 4 of the Dungeon.
You worshipped Gozag.
Gozag was aware of your devotion.
You visited 1 branch of the dungeon, and saw 4 of its levels.

You collected 162 gold pieces.
You paid 37 gold pieces to Gozag.

Inventory:

Hand Weapons
 a - a +0 flail (weapon)
Missiles
 l - 3 javelins (quivered)
Armour
 b - a +0 scale mail (worn)
 c - a +0 buckler (worn)
 f - a +0 helmet (worn)
 i - a +0 cloak (worn)
Jewellery
 d - a +6 ring of strength (left hand)
 e - an amulet of guardian spirit (around neck)
 g - a ring of resist corrosion (right hand)
Scrolls
 j - a scroll of identify {unknown}
 m - a scroll of poison {unknown}
 o - a scroll of immolation {unknown}
 p - a scroll of magic mapping {unknown}
Potions
 h - a potion of heal wounds {unknown}
 k - a potion of mutation
 n - a potion of degeneration {unknown}


   Skills:
 + Level 6.8 Fighting
 + Level 2.0 Short Blades
 + Level 2.0 Long Blades
 + Level 2.0 Axes
 + Level 5.0 Maces & Flails
 + Level 2.0 Polearms
 + Level 2.0 Staves
 + Level 2.0 Ranged Weapons
 + Level 2.0 Throwing
 + Level 6.8 Armour
 + Level 2.0 Dodging
 + Level 2.0 Stealth
 + Level 6.8 Shields
 + Level 2.0 Unarmed Combat
 + Level 2.0 Spellcasting
 + Level 1.5 Conjurations
 + Level 1.5 Hexes
 + Level 1.5 Summonings
 + Level 1.5 Necromancy
 + Level 1.5 Translocations
 + Level 1.5 Transmutations
 + Level 1.5 Fire Magic
 + Level 1.5 Ice Magic
 + Level 1.5 Air Magic
 + Level 1.5 Earth Magic
 + Level 1.5 Poison Magic
 + Level 2.2 Invocations
 + Level 2.0 Evocations


You had 9 spell levels left.
You didn't know any spells.
Your spell library contained the following spells:

 Spells                   Type           Power      Damage    Failure   Level
 Beastly Appendage        Tmut           4%         N/A       50%         1
 Wereblood                Tmut           2%         N/A       63%         2
 Spider Form              Tmut/Pois      2%         N/A       86%         3


Dungeon Overview and Level Annotations

Branches:
Dungeon (4/15)
 Temple: D:4-7

Altars:
Cheibriados
Dithmenos
Elyvilon
Fedhas
Gozag
Kikubaaqudgha
Makhleb
Trog
Uskayaw
Wu Jian
Yredelemnul

Annotations:
D:4 Pikel


Innate Abilities, Weirdness & Mutations

You have very sharp teeth.
Your uncanny sense of smell can sniff out nearby items.
Your experience applies equally to all skills.
Your magical capacity is low. (-10% MP)


Message History

Pikel freezes you. You block the ball python's attack.
The ball python constricts you. The ufetubus hits you.
The ufetubus hits you but does no damage.
You hit Pikel but do no damage.
Pikel is almost dead.
The lemure hits you but does no damage. The lemure hits you.
* * * LOW HITPOINT WARNING * * *
You block the lemure's attack. You block Pikel's attack.
The ball python bites you but does no damage.
The ball python constricts you.
* * * LOW HITPOINT WARNING * * *
You closely miss Pikel.
Pikel is almost dead.
You block the lemure's attack. The lemure hits you but does no damage.
The lemure barely misses you. Pikel hits you but does no damage.
The ball python bites you but does no damage.
The ball python constricts you.
You hit Pikel. Your bite misses Pikel.
Pikel is almost dead.
The ball python barely misses you. The ball python constricts you.
The lemure hits you but does no damage. The lemure hits you.
* * * LOW HITPOINT WARNING * * *
The lemure hits you but does no damage. x2; Pikel hits you but does no damage.
The ball python bites you.
* * * LOW HITPOINT WARNING * * *
The ball python constricts you.
* * * LOW HITPOINT WARNING * * *
You block the lemure's attack. The lemure hits you.
* * * LOW HITPOINT WARNING * * *
You block the lemure's attack. The lemure hits you but does no damage.
Pikel closely misses you.
It was a potion of mutation.
You feel extremely strange.
You feel less energetic. You block the ball python's attack.
The ball python constricts you. The lemure hits you.
* * * LOW HITPOINT WARNING * * *
The lemure hits you but does no damage. You block the lemure's attack.
The lemure hits you!
You die...
Your body crumbles into a pile of gold.

###......# .#
#.#......##.#
##............
. ..#..........
...............
....#..5.....<.
......555......
#.S@K.....(
#..5.#(....
#........ ...
.....###....♣ .
..>.. .♣..P.
###. .P..... $
# .. .... ∆
......# $


You could see Pikel, 4 lemures, an ufetubus and a ball python.

Vanquished Creatures
  Sigmund (D:2)
  An orc priest (D:3)
  An orc wizard (D:3)
  2 adders
  4 worms
  2 dart slugs
  6 orcs (D:3)
  2 endoplasms (D:3)
  4 giant cockroaches
  3 goblins
  4 hobgoblins
  2 quokkas
  5 ball pythons
  3 bats
  3 kobolds
  5 rats
48 creatures vanquished.

Notes
Turn   | Place    | Note
-------+----------+-------------------------------------------
     0 | D:1      | retardedninja the Gnoll Fighter began the quest for the
                  | Orb.
     0 | D:1      | Reached XP level 1. HP: 23/23 MP: 1/1
   115 | D:1      | Reached XP level 2. HP: 29/29 MP: 2/2
   411 | D:1      | Found a faded altar of an unknown god.
   528 | D:2      | Reached XP level 3. HP: 35/35 MP: 3/3
   728 | D:2      | Reached skill level 1 in Invocations
   765 | D:2      | Found an ancient bone altar of Kikubaaqudgha.
  1302 | D:2      | Noticed Sigmund
  1324 | D:2      | Killed Sigmund
  1325 | D:2      | Reached skill level 1 in Short Blades
  1325 | D:2      | Reached skill level 1 in Long Blades
  1325 | D:2      | Reached skill level 1 in Axes
  1325 | D:2      | Reached skill level 1 in Polearms
  1325 | D:2      | Reached skill level 1 in Staves
  1325 | D:2      | Reached skill level 1 in Ranged Weapons
  1325 | D:2      | Reached skill level 1 in Throwing
  1325 | D:2      | Reached skill level 1 in Dodging
  1325 | D:2      | Reached skill level 1 in Stealth
  1325 | D:2      | Reached skill level 1 in Unarmed Combat
  1325 | D:2      | Reached skill level 1 in Spellcasting
  1325 | D:2      | Reached skill level 1 in Conjurations
  1325 | D:2      | Reached skill level 1 in Hexes
  1325 | D:2      | Reached skill level 1 in Summonings
  1325 | D:2      | Reached skill level 1 in Necromancy
  1325 | D:2      | Reached skill level 1 in Translocations
  1325 | D:2      | Reached skill level 1 in Transmutations
  1325 | D:2      | Reached skill level 1 in Fire Magic
  1325 | D:2      | Reached skill level 1 in Ice Magic
  1325 | D:2      | Reached skill level 1 in Air Magic
  1325 | D:2      | Reached skill level 1 in Earth Magic
  1325 | D:2      | Reached skill level 1 in Poison Magic
  1325 | D:2      | Reached skill level 1 in Evocations
  1325 | D:2      | Reached XP level 4. HP: 8/41 MP: 4/6
  1325 | D:2      | Reached XP level 5. HP: 9/47 MP: 4/7
  1659 | D:3      | Reached XP level 6. HP: 26/53 MP: 8/8
  1677 | D:3      | Reached skill level 5 in Maces & Flails
  1807 | D:3      | Found an ornate altar of the Wu Jian Council.
  1860 | D:3      | Found a shadowy altar of Dithmenos.
  1860 | D:3      | Found a basalt altar of Yredelemnul.
  1860 | D:3      | Found a blossoming altar of Fedhas.
  1860 | D:3      | Found a white marble altar of Elyvilon.
  1861 | D:3      | Found a hide-covered altar of Uskayaw.
  1861 | D:3      | Found a burning altar of Makhleb.
  1862 | D:3      | Found a snail-covered altar of Cheibriados.
  1863 | D:3      | Found an opulent altar of Gozag.
  1863 | D:3      | Found a bloodstained altar of Trog.
  1872 | D:3      | Became a worshipper of Gozag Ym Sagoz the Greedy
  2352 | D:4      | Noticed Pikel
  2361 | D:4      | Gained mutation: Your magical capacity is low. (-10% MP)
                  | [potion of mutation]
  2361 | D:4      | Slain by a lemure

Illustrated notes

Levels and vault maps discovered:
D:1:      scummos_arrival_simple_fountains, layout_rooms,
          ebering_ecumenical_altar_abandoned, kennysheep_doodads
D:2:      layout_basic, basic_altar, uniq_sigmund
D:3:      layout_basic, nicolae_overflows_in_rows, minmay_strange_pillars,
          minivault_4
D:4:      layout_rooms, okawaru_altar_gauntlet_db, minmay_misc_feat_rugged,
          serial_park_tiny_2, chequers_serial_rivers_small_3,
          minmay_misc_feat_cross, chequers_jeans, grunt_decor_mini_mirrors,
          minmay_quantized, uniq_pikel

Skill      XL: |  1  2  3  4  5  6 |
---------------+-------------------+-----
Invocations    | 1 2 |  2.2
Short Blades   | 1 2 |  2.0
Long Blades    | 1 2 |  2.0
Axes           | 1 2 |  2.0
Polearms       | 1 2 |  2.0
Staves         | 1 2 |  2.0
Ranged Weapons | 1 2 |  2.0
Throwing       | 1 2 |  2.0
Dodging        | 1 2 |  2.0
Stealth        | 1 2 |  2.0
Unarmed Combat | 1 2 |  2.0
Spellcasting   | 1 2 |  2.0
Conjurations   | 1 |  1.5
Hexes          | 1 |  1.5
Summonings     | 1 |  1.5
Necromancy     | 1 |  1.5
Translocations | 1 |  1.5
Transmutations | 1 |  1.5
Fire Magic     | 1 |  1.5
Ice Magic      | 1 |  1.5
Air Magic      | 1 |  1.5
Earth Magic    | 1 |  1.5
Poison Magic   | 1 |  1.5
Evocations     | 1 2 |  2.0
Maces & Flails | 5 |  5.0
Fighting       | |  6.8
Armour         | |  6.8
Shields        | |  6.8

Action                     |  1- 3 |  4- 6 || total
---------------------------+-------+-------++-------
  Melee: Flail             |    98 |    72 ||   170
         Bite              |    10 |     7 ||    17
  Throw: Javelin           |       |     3 ||     3
    Use: Potion            |     3 |     4 ||     7
         Scroll            |       |     4 ||     4
 Armour: Scale mail        |    32 |    72 ||   104
  Dodge: Dodged            |    43 |    61 ||   104
  Block: Buckler           |    12 |    33 ||    45

Table legend: (Time is in decaauts)
 A = Elapsed time spent in this place.
 B = Non-inter-level travel time spent in this place.
 C = Inter-level travel time spent in this place.
 D = Time resting spent in this place.
 E = Time spent auto-exploring this place.
 F = Levels seen in this place.
 G = Mean time per level.
                   A        B        C        D        E       F      G
               +--------+--------+--------+--------+--------+-----+--------+
         Total |   2396 |   2234 |    162 |    271 |   1537 |   4 |  599.0 |
       Dungeon |   2396 |   2234 |    162 |    271 |   1537 |   4 |  599.0 |
               +--------+--------+--------+--------+--------+-----+--------+

Top non-repeatable levels by time:
     D:2: 1135 daAuts
     D:3: 763 daAuts
     D:1: 487 daAuts
     D:4: 10 daAuts
